AoeStats
← Křovák

Hideout

508232966Analyzed
1v1 RM · 11d ago on Sep 21, 2026· 33m 32s· 2 players
Game mode
Random Map
Map size
Tiny (2 player)
Population
200
Speed
Normal
Resources
Standard
Victory
Conquest
Starting age
Dark Age
Ending age
Imperial Age
RankedLock teamsTeams togetherTeam positionsShared explorationLock speedFull tech treeHidden civsTurbo modeCheats
Victory
Defeat
🇨🇿 Byzantines · Czechia
859
+16
🇨🇴 Ethiopians · Colombia
851
-16
lukyvan0211
9:56 Loom
11:41 Feudal Age
15:59 Castle Age
13:47 Loom
15:15 Double-Bit Axe
16:19 Fletching
16:29 Padded Archer Armor
18:13 Gold Mining
19:19 Bodkin Arrow
19:33 Stone Mining
20:36 Horse Collar
23:30 Husbandry
24:46 Forging
26:22 Leather Archer Armor
27:20 Town Watch
28:01 Thumb Ring
29:53 Bow Saw
Křovák
8:04 Loom
10:37 Feudal Age
11:10 Double-Bit Axe
11:09 Horse Collar
20:35 Castle Age
20:52 Fletching
21:03 Padded Archer Armor
24:53 Bow Saw
24:46 Heavy Plow
27:32 Bodkin Arrow
27:53 Leather Archer Armor
31:30 Imperial Age
29:41 Elite Skirmisher
Connection lost

Rejoining the realm…

Still unreachable

The connection could not be restored.

Session expired

The server has moved on; the page needs a fresh start.